 Dungeon Crawl Stone Soup version 0.19.1 (webtiles) character file.

75 Lilleppy the Sneak (level 4, -4/23 HPs)
             Began as a Spriggan Assassin on Nov 29, 2016.
             Slain by a gnoll (6 damage)
             ... on level 2 of the Dungeon.
             The game lasted 00:04:39 (1632 turns).

Lilleppy the Sneak (Spriggan Assassin)              Turns: 1632, Time: 00:04:40

Health: -4/23      AC:  3    Str:  6 (7)  XL:     4   Next: 11%
Magic:  5/5        EV: 17    Int: 11 (12) God:
Gold:   22         SH:  0    Dex: 17 (18) Spells: 0 memorised, 3 levels left

rFire  . . .     SeeInvis +     a - +2 dagger
rCold  . . .     Gourm    .     c - +0 robe
rNeg   . . .     Faith    .     (shield restricted)
rPois  .         Spirit   .     (helmet restricted)
rElec  .         Reflect  .     d - +0 cloak
rCorr  .         Harm     .     (gloves unavailable)
MR     .....                    (boots unavailable)
Stlth  ++++......               (no amulet)
                                (no ring)
                                (no ring)

@: very quick
A: unfitting armour, see invisible, herbivore 3, speed 3, slow metabolism 2
a: no special abilities


You were on level 2 of the Dungeon.
You were not hungry.

You visited 1 branch of the dungeon, and saw 2 of its levels.

You collected 22 gold pieces.

Inventory:

Hand Weapons
 a - a +2 dagger (weapon)
 b - a +0 blowgun
Missiles
 e - 5 poisoned needles
 f - 2 curare-tipped needles
Armour
 c - a +0 robe (worn)
 d - a +0 cloak (worn)
Scrolls
 i - a scroll of amnesia {unknown}
 j - a scroll of identify {unknown}
Potions
 k - a potion of lignification {unknown}
Comestibles
 g - 3 bread rations


   Skills:
 + Level 1.9 Fighting
 + Level 2.5 Short Blades
 + Level 2.4 Throwing
 + Level 2.4 Dodging
 + Level 7.3 Stealth


You had 3 spell levels left.
You didn't know any spells.

Dungeon Overview and Level Annotations

Branches:
Dungeon (2/15)

Altars:


Innate Abilities, Weirdness & Mutations

You are very small and have problems with some larger weapons.
You are too small for most types of armour.
You have supernaturally acute eyesight. (SInv)
You are a herbivore.
You cover ground extremely quickly.
You need consume almost no food.


Message History

The gnoll is severely wounded.
The gnoll closely misses you.
You barely miss the gnoll.
The gnoll is severely wounded.
The gnoll closely misses you. The gnoll hits you but does no damage.
You barely miss the gnoll.
The gnoll is severely wounded.
You hit the gnoll.
The gnoll is severely wounded.
The gnoll completely misses you.
The gnoll hits you from afar with a halberd!
You hit the gnoll but do no damage.
The gnoll is severely wounded.
The gnoll completely misses you.
The gnoll hits you from afar with a halberd!
* * * LOW HITPOINT WARNING * * *
You hit the gnoll but do no damage.
The gnoll is severely wounded.
The gnoll hits you.
You die...

#######..# #..
#######..# #.# #.
.....##..# #.# #.
.....##..# #.# # #.
.....##..# #####.###>###
#.
.)...##).###....g..r...#
#.
.....##........rgg.g.#
#.
.....###.##..†##g##g.#
#. .........#.....#@# .#
#######.
#.#######........## #
........
#.....##..........#..
.######†
#####................#
#. ####..........#.## #.
##........##.# #####.
##.....#.# . #.....
##...##.# # #.####
##.###..


You could see 4 gnolls and a quokka.

Vanquished Creatures
  Terence (D:2)
  An adder (D:2)
  2 worms (D:2)
  3 dart slugs
  3 bats
  2 giant cockroaches (D:2)
  5 goblins
  5 hobgoblins
  A frilled lizard (D:2)
  4 kobolds
  4 rats
31 creatures vanquished.

Notes
Turn   | Place    | Note
-------+----------+-------------------------------------------
     0 | D:1      | Lilleppy the Spriggan Assassin began the quest for the Orb.
     0 | D:1      | Reached XP level 1. HP: 10/10 MP: 2/2
     9 | D:1      | Reached skill level 6 in Stealth
    82 | D:1      | Reached XP level 2. HP: 8/15 MP: 3/3
  1179 | D:2      | Reached XP level 3. HP: 18/18 MP: 4/4
  1355 | D:2      | Reached skill level 7 in Stealth
  1387 | D:2      | Noticed Terence
  1433 | D:2      | Killed Terence
  1433 | D:2      | Reached XP level 4. HP: 12/23 MP: 5/5
  1632 | D:2      | Slain by a gnoll

Skill      XL: |  1  2  3 |
---------------+----------+-----
Stealth        | 6 7 |  7.3
Dodging        | 2 |  2.4
Fighting       | |  1.9
Short Blades   | |  2.5
Throwing       | |  2.4

Action                   |  1- 3 |  4- 6 || total
-------------------------+-------+-------++-------
Melee: Dagger            |    85 |    20 ||   105
 Fire: Blowgun           |    17 |       ||    17
  Use: Potion            |     1 |     1 ||     2
 Stab: Sleeping          |     5 |     1 ||     6
Armor: Robe              |     8 |     3 ||    11
Dodge: Dodged            |    59 |    15 ||    74
